 Dungeon Crawl Stone Soup version 0.31.0-32-g396128a36d (webtiles) character file.

Game seed: 3023348512528103565

662 SIMPLEBEING the Trooper (level 7, -1/63 HPs)
             Began as a Minotaur Fighter on Apr 12, 2024.
             Slain by a mummy (14 damage)
             ... in an ossuary.
             The game lasted 00:04:31 (2995 turns).

SIMPLEBEING the Trooper (Minotaur Fighter)          Turns: 2995, Time: 00:04:31

Health: -1/63      AC:  8    Str: 23    XL:     7   Next: 30%
Magic:  6/6        EV: 10    Int:  5    God:
Gold:   108        SH:  4    Dex:  9    Spells: 6/6 levels left

rFire   . . .        a - +0 war axe
rCold   + . .        c - +0 buckler
rNeg    . . .        b - +0 scale mail
rPois   .            (helmet restricted)
rElec   .            (no cloak)
rCorr   .            o - +0 pair of gloves
SInv    .            (no boots)
Will    .....        (no amulet) Stlth
                     k - ring of protection from cold
HPRegen 0.30/turn    (no ring)
MPRegen 0.10/turn

%: no passive effects
@: mighty
A: horns 2, retaliatory headbutt
a: no special abilities


You were in an ossuary.
You visited 1 branch of the dungeon, and saw 4 of its levels.
You also visited: Ossuary.

You collected 108 gold pieces.

Inventory:

Hand Weapons
 a - a +0 war axe (weapon)
Armour
 b - a +0 scale mail (worn)
 c - a +0 buckler (worn)
 o - a +0 pair of gloves (worn)
Jewellery
 k - a ring of protection from cold (left hand)
Wands
 q - a wand of light (7)
Scrolls
 e - 2 scrolls of teleportation {unknown}
 h - 2 scrolls of identify
 l - a scroll of vulnerability {unknown}
 p - a scroll of fog {unknown}
 r - a scroll of blinking {unknown}
Potions
 f - a potion of enlightenment {unknown}
 g - 2 potions of mutation {unknown}
 i - 2 potions of heal wounds {unknown}
 m - 2 potions of lignification {unknown}
 n - a potion of curing {unknown}


   Skills:
 * Level 6.0 Fighting
 * Level 5.5 Axes
 * Level 5.8 Armour
 + Level 2.7 Dodging
 + Level 4.8 Shields


You had 6 spell levels left.
You didn't know any spells.
Your spell library contained the following spells:

 Spells                   Type           Power      Damage    Failure   Level
 Freeze                   Ice            0%         1d3       83%         1
 Shock                    Conj/Air       0%         1d3       83%         1
 Lesser Beckoning         Tloc           0%         N/A       92%         2
 Frozen Ramparts          Ice            0%         1d1       99%         3
 Gell's Gravitas          Tloc           0%         N/A       99%         3
 Hailstorm                Conj/Ice       0%         3d5       99%         3
 Swiftness                Air            0%         N/A       99%         3
 Teleport Other           Tloc           0%         N/A       99%         3
 Airstrike                Air            0%         2d(0-16)  100%        4


Dungeon Overview and Level Annotations

Branches:
Dungeon (4/15)            Ossuary (1/1)
 Temple: D:4-7

Altars:
Vehumet

Shops:
D:3 (


Innate Abilities, Weirdness & Mutations

You have a pair of horns on your head.
You reflexively headbutt those who attack you in melee.


Message History

You destroy the centaur zombie!
You slash the crocodile zombie!
You block the crocodile zombie's attack.
You slash the crocodile zombie! You headbutt the crocodile zombie!
The crocodile zombie is severely damaged.
You block the crocodile zombie's attack.
You slash the crocodile zombie!
The crocodile zombie is almost destroyed.
The crocodile zombie bites you!
The crocodile zombie drags you backwards! 2 mummies come into view.
You hit the crocodile zombie but do no damage.
The crocodile zombie is almost destroyed.
The crocodile zombie bites you!
* * * LOW HITPOINT WARNING * * *
You hit the crocodile zombie.
You destroy the crocodile zombie!
Press: ? - help, v - describe, . - travel The floor.
Unknown command.
The crocodile zombie attacks as it pursues you!
The crocodile zombie barely misses you.
You feel very mighty all of a sudden.
You slash the crocodile zombie!
The crocodile zombie is moderately damaged.
The crocodile zombie bites you.
* * * LOW HITPOINT WARNING * * *
The crocodile zombie drags you backwards!
You barely miss the crocodile zombie.
The crocodile zombie is moderately damaged.
The crocodile zombie misses you. You furiously retaliate!
You headbutt the crocodile zombie!! You slice the crocodile zombie!!
You destroy the crocodile zombie!
Your Fighting skill increases to level 6!
The sentinel's mark upon you fades away.
You slash the mummy! You headbutt the mummy.
You destroy the mummy!
You slash the mummy! The mummy hits you!
You die...

#...#...
##.....##
#.......#
##.....##
#.......#
##^....##
#.......#
##...M.##
#.^..@#
#.....#
#..∩..#
#.....#
#.....#
#..∩..#
#.....#
#.....#
#.....#


You could see a mummy.

Vanquished Creatures
  Grinder (D:3)
  A scorpion (D:3)
  4 centaur zombies (Ossuary)
  An orc priest (D:3)
  An iguana (D:3)
  4 crocodile zombies (Ossuary)
  2 mummies (Ossuary)
  5 adders
  2 dart slugs
  2 orcs (D:3)
  10 endoplasms
  3 giant cockroaches
  3 goblins
  A hobgoblin (D:1)
  15 jackals
  7 kobolds
  2 quokkas
  7 ball pythons
  8 bats
  5 frilled lizards
  A gnoll zombie (Ossuary)
  2 kobold zombies (Ossuary)
  3 rats
90 creatures vanquished.

Notes
Turn   | Place    | Note
-------+----------+-------------------------------------------
     0 | D:1      | SIMPLEBEING the Minotaur Fighter began the quest for the
                  | Orb.
     0 | D:1      | Reached XP level 1. HP: 19/19 MP: 0/0
   146 | D:1      | Reached XP level 2. HP: 27/27 MP: 1/1
   344 | D:1      | Reached skill level 4 in Fighting
   431 | D:1      | Reached XP level 3. HP: 33/33 MP: 2/2
   795 | D:2      | Found a radiant altar of Vehumet.
  1274 | D:2      | Reached skill level 1 in Dodging
  1274 | D:2      | Reached XP level 4. HP: 38/41 MP: 3/3
  2073 | D:3      | Found Onocw's Weapon Shoppe.
  2074 | D:3      | Identified the +1 quarterstaff of the Baking Gods {freeze,
                  | Int+4 Dex-2}
  2187 | D:3      | Reached XP level 5. HP: 47/47 MP: 4/4
  2299 | D:3      | Reached skill level 5 in Fighting
  2401 | D:3      | Found a faded altar of an unknown god.
  2614 | D:3      | Noticed Grinder
  2628 | D:3      | Killed Grinder
  2629 | D:3      | Reached skill level 5 in Axes
  2629 | D:3      | Reached skill level 5 in Armour
  2629 | D:3      | Reached XP level 6. HP: 44/56 MP: 5/5
  2839 | D:4      | Found a sand-covered staircase.
  2848 | Ossuary  | Entered an ossuary
  2970 | Ossuary  | Reached XP level 7. HP: 56/62 MP: 6/6
  2991 | Ossuary  | Reached skill level 6 in Fighting
  2995 | Ossuary  | Slain by a mummy

Illustrated notes

Levels and vault maps discovered:
D:1:      dpeg_arrival_line_fractal, layout_loops_ring
D:2:      layout_basic, basic_altar, grunt_ministairs_8
D:3:      layout_basic, shapermc_ecumenical_altar_flowoftime, serial_shops,
          shop, uniq_grinder
D:4:      layout_cave_pools, lightli_ossuary_entry_decrepit_ruins,
          uniq_eustachio
Ossuary:  ossuary_the_hunt_dpeg

Skill      XL: |  1  2  3  4  5  6  7 |
---------------+----------------------+-----
Axes           | 3 4 5 |  5.5
Fighting       | 4 5 6 |  6.0
Armour         | 4 5 |  5.8
Dodging        | 1 2 |  2.7
Shields        | 4 |  4.8

Action                     |  1- 3 |  4- 6 |  7- 9 || total
---------------------------+-------+-------+-------++-------
  Melee: War axe           |   106 |    86 |    15 ||   207
         Headbutt          |    17 |     9 |     4 ||    30
    Use: Scroll            |       |     2 |       ||     2
         Potion            |       |       |     1 ||     1
 Armour: Scale mail        |    76 |    70 |    26 ||   172
  Dodge: Dodged            |    53 |    34 |    14 ||   101
  Block: Buckler           |    20 |    18 |     7 ||    45
